 Dungeon Crawl Stone Soup version 0.30-a0-42-g806c11bf1d (webtiles) character file.

Game seed: 5098329457892882934

30556 Nattfarinn the Thaumaturge (level 13, -26/98 (101) HPs)
             Began as a Demonspawn Necromancer on Aug 30, 2022.
             Was a High Priest of Cheibriados.
             Annihilated by Rupert
             ... wielding a +2 executioner's axe of electrocution
              (35 damage)
             ... on level 4 of the Lair of Beasts.
             The game lasted 01:03:47 (24632 turns).

Nattfarinn the Thaumaturge (DsNe)                  Turns: 24632, Time: 01:03:48

HP:   -26/98 (101)  AC: 25    Str: 34    XL:     13   Next: 21%
MP:   0/28          EV: 12    Int: 32    God:    Cheibriados [*****.]
Gold: 1328          SH:  5    Dex: 26    Spells: 15/34 levels left

rFire   . . .      SeeInvis .    F - +1 dagger (pain)
rCold   + . .      Faith    .    r - +0 buckler
rNeg    . . .      Spirit   +    q - +0 swamp dragon scales
rPois   +          Reflect  .    n - +2 helmet
rElec   .          Harm     .    (no cloak)
rCorr   .          Rampage  .    v - +2 pair of gloves
Will    .....                    (no boots)
Stlth   +++.......               f - amulet of guardian spirit
HPRegen 1.26/turn                B - ring "Puoxtari" {rC+ Str+3 Stlth+}
MPRegen 0.21/turn                i - +6 ring of strength

@: sanguine armoured, very slightly contaminated, lightly drained, very slow
A: powered by death 3, sanguine armour 3, demonic magic 1, weakness stinger 2
a: Renounce Religion, Bend Time, Temporal Distortion, Slouch, Step From Time


You were on level 4 of the Lair of Beasts.
You worshipped Cheibriados.
Cheibriados was extremely pleased with you.
You visited 3 branches of the dungeon, and saw 16 of its levels.
You also visited: Sewer.

You collected 1328 gold pieces.

Inventory:

Hand Weapons
 t - a +3 mace
 u - a +2 short sword of freezing
 F - a +1 dagger of pain (weapon)
 P - a +1 demon whip of venom
Armour
 a - a +0 robe
 n - a +2 helmet (worn)
 q - +0 swamp dragon scales (worn)
 r - a +0 buckler (worn)
 v - a +2 pair of gloves (worn)
Jewellery
 f - an amulet of guardian spirit (around neck)
 i - a +6 ring of strength (right hand)
 z - a +4 ring of protection
 B - the ring "Puoxtari" (left hand) {rC+ Str+3 Stlth+}
   (You found it on level 8 of the Dungeon)

   [ring of protection from cold]

   Str:       It affects your strength (+3).
   rC:        It protects you from cold.
   Stlth:     It makes you more stealthy.
 G - an amulet of magic regeneration
 J - an amulet of faith
 N - a ring of willpower
Wands
 c - a wand of polymorph (13)
 o - a wand of digging (14)
 y - a wand of flame (7)
 C - a wand of mindburst (15)
 E - a wand of light (12)
 K - a wand of roots (3)
 Q - a wand of paralysis (3)
Scrolls
 g - 4 scrolls of vulnerability
 h - 2 scrolls of magic mapping
 j - a scroll of teleportation
 k - 2 scrolls of butterflies
 D - 2 scrolls of poison {unknown}
 H - 2 scrolls of brand weapon {unknown}
 O - a scroll of fear
Potions
 b - a potion of heal wounds
 d - 4 potions of flight {unknown}
 e - 4 potions of might
 l - 3 potions of mutation
 m - 11 potions of degeneration
 p - 5 potions of haste
 s - 6 potions of curing
 w - 2 potions of cancellation {unknown}
 x - 3 potions of lignification {unknown}
 A - a potion of berserk rage {unknown}
 I - a potion of resistance
 L - 2 potions of invisibility {unknown}
 M - a potion of ambrosia {unknown}


   Skills:
 - Level 9.6 Fighting
 - Level 1.7 Dodging
 - Level 1.7 Stealth
 - Level 11.3 Spellcasting
 - Level 4.0 Conjurations
 - Level 4.3 Summonings
 - Level 10.4 Necromancy
 - Level 10.1 Air Magic
 + Level 8.4 Invocations
 - Level 4.0 Evocations


You had 15 spell levels left.
You knew the following spells:

 Your Spells              Type           Power      Damage    Failure   Level
a - Necrotise             Necr           100%       1d9       1%          1
b - Vampiric Draining     Necr           71%        2d11      1%          3
c - Searing Ray           Conj           86%        2d7       1%          2
d - Airstrike             Air            35%        2d(5-21)  1%          4
e - Summon Lightning Spi  Summ/Air       59%        N/A       2%          4
f - Borgnjor's Vile Clut  Necr/Erth      25%        N/A       17%         5

Your spell library contained the following spells:

 Spells                   Type           Power      Damage    Failure   Level
 Magic Dart               Conj           100%       1d8       1%          1
 Summon Small Mammal      Summ           100%       N/A       1%          1
 Poisonous Vapours        Pois/Air       100%       N/A       1%          2
 Static Discharge         Conj/Air       100%       3-10/arc  1%          2
 Sublimation of Blood     Necr           71%        N/A       1%          2
 Animate Dead             Necr           71%        N/A       1%          4
 Dispel Undead            Necr           71%        3d24      1%          4
 Agony                    Necr           71%        N/A       1%          5
 Foxfire                  Conj/Fire      100%       2x1d9     2%          1
 Call Canine Familiar     Summ           45%        N/A       2%          3
 Corpse Rot               Necr/Pois/Air  58%        N/A       3%          4
 Apportation              Tloc           36%        N/A       5%          1
 Beastly Appendage        Tmut           36%        N/A       5%          1
 Summon Guardian Golem    Hex/Summ       32%        N/A       6%          3
 Conjure Flame            Conj/Fire      30%        6-21      7%          3
 Wereblood                Tmut           18%        N/A       8%          2
 Lightning Bolt           Conj/Air       29%        1d45      8%          5
 Death Channel            Necr           35%        N/A       11%         6
 Inner Flame              Hex/Fire       18%        N/A       16%         3
 Spider Form              Tmut/Pois      18%        N/A       16%         3
 Silence                  Hex/Air        25%        N/A       19%         5
 Flame Wave               Conj/Fire      30%        2d9       22%         4
 Fulminant Prism          Conj/Hex       15%        3d11      22%         4
 Sticky Flame             Conj/Fire      30%        2d5       22%         4
 Passage of Golubria      Tloc           18%        N/A       45%         4
 Petrify                  Tmut/Erth      18%        N/A       45%         4
 Irradiate                Conj/Tmut      15%        3d16      54%         5
 Alistair's Intoxication  Tmut/Pois      12%        N/A       82%         5
 Lehudib's Crystal Spear  Conj/Erth      15%        10d5      100%        8


Dungeon Overview and Level Annotations

Branches:
Dungeon (11/15)            Temple (1/1) D:7            Lair (4/5) D:9
  Swamp (0/4) Lair:3       Spider (0/4) Lair:2          Orc (0/2) D:10
  Sewer (visited)
  Slime: Lair:4-5

Altars:
Ashenzari
Cheibriados
Dithmenos
Fedhas
Gozag
Hepliaklqana
Kikubaaqudgha
Makhleb
Okawaru
Qazlal
Ru
Trog
Uskayaw
Vehumet
Wu Jian
Xom
Yredelemnul

Shops:
D:7 [

Annotations:
Lair:1 1 runed translucent door, Gomnat's ghost, journeyman HuCj
Lair:4 Rupert


Innate Abilities, Weirdness & Mutations

You regenerate a lot of health from kills.
When seriously injured, your blood forms very thick armour. (AC +12)
Spells you cast may paralyse adjacent enemies.
You have a tail ending in a sharp stinger.


Message History

Rupert goes berserk!
Okay, then.
Okay, then.
As you read the scroll of butterflies, it crumbles to dust.
You hear the tinkle of a tiny bell.
Rupert hits you with a +2 executioner's axe of electrocution!
Rupert hits your butterfly with a +2 executioner's axe of electrocution!!
Lightning courses through your butterfly!
Your butterfly dies!
Your butterfly disappears in a burst of colours!
Rupert hits your butterfly with a +2 executioner's axe of electrocution!!
Your butterfly dies!
Your butterfly disappears in a burst of colours!
Rupert hits your butterfly with a +2 executioner's axe of electrocution!
Your butterfly dies!
Your butterfly disappears in a burst of colours!
Rupert barely misses your butterfly. x2; Rupert misses your butterfly.
Rupert hits you with a +2 executioner's axe of electrocution!
* * * LOW HITPOINT WARNING * * *
Rupert hits your butterfly with a +2 executioner's axe of electrocution!!
Lightning courses through your butterfly!
Your butterfly dies!
Your butterfly disappears in a burst of colours!
Rupert hits your butterfly with a +2 executioner's axe of electrocution!
Your butterfly dies!
Your butterfly disappears in a burst of colours!
Rupert hits your butterfly with a +2 executioner's axe of electrocution!!
Lightning courses through your butterfly!
Your butterfly dies!
Your butterfly disappears in a burst of colours!
You swap places.
Rupert hits you with a +2 executioner's axe of electrocution!!
* * * LOW HITPOINT WARNING * * *
Rupert hits your butterfly with a +2 executioner's axe of electrocution!!
Lightning courses through your butterfly!!
Your butterfly dies!
Your butterfly disappears in a burst of colours!
Rupert closely misses your butterfly.
Rupert hits you with a +2 executioner's axe of electrocution!!
You die...

.........#.#P.###.......
#P.....#.##....#....[..
###......#......P.....#.
.....b...#......+......#
.........#......##.....#
##...>b.b.......##......
##......#......##......
##...b...#####...#.....#
#.P....@#####.#.#......#
......b@..............
........b.............
.....b.............
..................
.....b............
.#................
#.#....###....P..
##.....# ....#..


You could see Rupert (berserk, ally target).

Vanquished Creatures
  A hydra (Lair:3)
  A two-headed ogre (D:9)
  Amaemon (Lair:3)
  Sonja (D:11)
  A fire crab (Lair:3)
  Lodul (D:11)
  5 elephants
  2 black mambas
  6 cane toads
  Maggie (D:9)
  2 komodo dragons (Lair:2)
  5 kobold demonologists
  2 trolls (D:11)
  Prince Ribbit (D:9)
  A shadow (D:10)
  3 wyverns
  45 yaks
  2 basilisks
  Grum (D:9)
  3 vampire mosquitoes (D:11)
  An acid dragon (D:10)
  4 water moccasins
  4 orc warriors
  A black bear (Lair:1)
  Duvessa (D:7)
  A swamp drake (D:10)
  An ice beast (D:7)
  A sky beast (D:6)
  5 ogres
  12 wolves
  3 centaurs
  4 kobold brigands
  4 bullfrogs
  2 scorpions
  2 necrophages
  8 wights (D:8)
  Dowan (D:7)
  4 killer bees (D:8)
  A howler monkey (D:9)
  7 jellies
  8 orc priests
  A gnoll bouda (Lair:4)
  6 hounds
  15 orc wizards
  3 hell rats (Lair:2)
  3 gnolls (D:6)
  16 adders
  5 river rats
  2 shadow imps
  2 white imps
  4 ufetubi
  4 worms (D:2)
  2 dart slugs
  46 orcs
  14 ball pythons
  10 endoplasms
  10 giant cockroaches
  4 goblins
  2 hobgoblins
  6 jackals
  5 quokkas
  2 bats
  4 frilled lizards
  14 kobolds
  12 rats
352 creatures vanquished.

Vanquished Creatures (collateral kills)
  A hydra (Lair:3)
  2 lindwurms (Lair:1)
  An orange demon (Lair:3)
  2 cane toads
  4 komodo dragons
  A wyvern (Lair:1)
  6 yaks
  An acid dragon (D:11)
  4 water moccasins
  A black bear (Lair:1)
  4 ogres (D:11)
  9 wolves
  4 bullfrogs
  An orc priest (D:11)
  2 hell rats (Lair:2)
  3 orc wizards (D:11)
  2 orcs
  A giant cockroach (D:3)
  A jackal (D:1)
50 creatures vanquished.

Vanquished Creatures (others)
  An orc wizard (D:11)
  6 fungi
  9 plants
16 creatures vanquished.

Grand Total: 418 creatures vanquished

Notes
Turn   | Place    | Note
-------+----------+-------------------------------------------
     0 | D:1      | Nattfarinn the Demonspawn Necromancer began the quest for
                  | the Orb.
     0 | D:1      | Reached XP level 1. HP: 13/13 MP: 3/3
    78 | D:1      | Reached skill level 1 in Fighting
   507 | D:1      | Gained mutation: When seriously injured, your blood forms
                  | armour. (AC +12) [demonic ancestry]
   507 | D:1      | Reached XP level 2. HP: 18/22 MP: 5/5
  1620 | D:2      | HP: 1/23 [worm (5)]
  1969 | D:2      | Reached XP level 3. HP: 22/28 MP: 1/6
  2638 | D:2      | Gained mutation: You have a small tail. [demonic ancestry]
  2638 | D:2      | Reached XP level 4. HP: 11/37 MP: 1/7
  3982 | D:3      | Found a shimmering altar of Xom.
  3983 | D:3      | Found a shimmering altar of Xom.
  3985 | D:3      | Found a shimmering altar of Xom.
  3986 | D:3      | Found a shimmering altar of Xom.
  3986 | D:3      | Found a shimmering altar of Xom.
  4114 | D:3      | Found a stormy altar of Qazlal.
  4680 | D:3      | Found an ancient bone altar of Kikubaaqudgha.
  4752 | D:3      | Found a blossoming altar of Fedhas.
  4935 | D:4      | Gained mutation: When seriously injured, your blood forms
                  | thick armour. (AC +12) [demonic ancestry]
  4935 | D:4      | Reached XP level 5. HP: 43/43 MP: 3/8
  4960 | D:4      | Found a hazy altar of Hepliaklqana.
  4963 | D:4      | Reached skill level 5 in Fighting
  5142 | D:4      | Found a glowing drain.
  5152 | Sewer    | Entered a sewer
  5418 | Sewer    | Gained mutation: You regenerate a little health from kills.
                  | [demonic ancestry]
  5418 | Sewer    | Reached XP level 6. HP: 40/52 MP: 4/9
  6150 | D:4      | Found an iron altar of Okawaru.
  6572 | D:4      | Learned a level 3 spell: Vampiric Draining
  6594 | D:4      | Reached skill level 3 in Spellcasting
  6842 | D:4      | Found an ornate altar of the Wu Jian Council.
  6902 | D:4      | Found a burning altar of Makhleb.
  7068 | D:5      | Entered Level 5 of the Dungeon
  7073 | D:5      | Reached skill level 4 in Spellcasting
  7073 | D:5      | Gained mutation: You regenerate health from kills. [demonic
                  | ancestry]
  7073 | D:5      | Reached XP level 7. HP: 42/58 MP: 9/13
  7329 | D:5      | Reached skill level 5 in Spellcasting
  8126 | D:5      | Reached skill level 6 in Spellcasting
  8237 | D:5      | Found a hide-covered altar of Uskayaw.
  8237 | D:5      | Noticed a +0 dagger
  8237 | D:5      | Noticed a +0 dagger
  8237 | D:5      | Noticed a +0 falchion
  8238 | D:5      | Noticed a +0 short sword
  8238 | D:5      | Noticed a +0 spear
  8240 | D:5      | Noticed a +0 spear
  8241 | D:5      | Noticed a +0 short sword
  8241 | D:5      | Noticed a +0 falchion
  8735 | D:6      | Gained mutation: Spells you cast may paralyse adjacent
                  | enemies. [demonic ancestry]
  8735 | D:6      | Reached XP level 8. HP: 62/64 MP: 11/17
  8989 | D:6      | Reached skill level 7 in Spellcasting
  9738 | D:6      | Reached skill level 8 in Spellcasting
  9951 | D:7      | Found Veckucoe's Antique Armour Shoppe.
 10086 | D:7      | Reached skill level 9 in Spellcasting
 10350 | D:7      | Gained mutation: When seriously injured, your blood forms
                  | very thick armour. (AC +12) [demonic ancestry]
 10350 | D:7      | Reached XP level 9. HP: 59/69 MP: 16/22
 10582 | D:7      | Found a staircase to the Ecumenical Temple.
 10593 | Temple   | Entered the Ecumenical Temple
 10606 | Temple   | Became a worshipper of Cheibriados the Contemplative
 10692 | D:7      | Noticed Dowan
 10694 | D:7      | Noticed Duvessa
 10704 | D:7      | Killed Dowan
 10724 | D:7      | Killed Duvessa
 11337 | D:7      | HP: 2/69 [something (2)]
 11697 | D:8      | Reached skill level 10 in Spellcasting
 12878 | D:8      | Reached skill level 11 in Spellcasting
 13147 | D:8      | Learned a level 2 spell: Searing Ray
 13420 | D:8      | Reached * piety under Cheibriados
 13606 | D:8      | Identified the ring "Puoxtari" {rC+ Str+3 Stlth+}
 14196 | D:9      | Reached XP level 10. HP: 80/80 MP: 13/25
 14438 | D:9      | Noticed Prince Ribbit
 14450 | D:9      | Killed Prince Ribbit
 14524 | D:9      | Noticed a two-headed ogre
 14535 | D:9      | Killed a two-headed ogre
 14706 | D:9      | Noticed Grum
 14710 | D:9      | Reached skill level 1 in Invocations
 14722 | D:9      | Killed Grum
 14723 | D:9      | Reached skill level 1 in Conjurations
 14723 | D:9      | Reached skill level 1 in Evocations
 15002 | D:9      | Noticed Maggie
 15008 | D:9      | Reached ** piety under Cheibriados
 15404 | D:9      | Killed Maggie
 15405 | D:9      | Reached skill level 5 in Invocations
 15614 | D:9      | Found a staircase to the Lair.
 15880 | D:9      | Gained mutation: You have a tail ending in a sharp stinger.
                  | [demonic ancestry]
 15880 | D:9      | Reached XP level 11. HP: 68/89 MP: 15/26
 16181 | D:10     | Entered Level 10 of the Dungeon
 16814 | D:9      | Learned a level 4 spell: Airstrike
 17002 | D:10     | Reached skill level 1 in Air Magic
 17525 | D:10     | Found a staircase to the Orcish Mines.
 17872 | D:10     | Reached *** piety under Cheibriados
 18162 | D:10     | Noticed a sun demon
 18163 | D:10     | Reached skill level 5 in Air Magic
 18405 | D:10     | Found an opulent altar of Gozag.
 18627 | D:11     | Learned a level 4 spell: Summon Lightning Spire
 19146 | D:11     | Reached skill level 1 in Summonings
 19386 | D:11     | Noticed Lodul
 19390 | D:11     | Killed Lodul
 19510 | D:11     | Noticed Sonja
 19514 | D:11     | Killed Sonja
 19685 | D:11     | Identified the +3 leather armour of Valiance {rPois rN+++
                  | Str-3 Int-3}
 19885 | Lair:1   | Entered Level 1 of the Lair of Beasts
 19898 | Lair:1   | Reached XP level 12. HP: 83/96 MP: 7/27
 20006 | Lair:1   | Reached **** piety under Cheibriados
 20593 | Lair:1   | Found a runed translucent door.
 20595 | Lair:1   | Noticed Gomnat's ghost (journeyman HuCj)
 20595 | Lair:1   | Noticed a four-headed hydra
 21207 | Lair:2   | Reached skill level 5 in Necromancy
 21813 | Lair:2   | Reached ***** piety under Cheibriados
 22153 | Lair:2   | Learned a level 5 spell: Borgnjor's Vile Clutch
 22423 | Lair:2   | Found a hole to the Spider Nest.
 23438 | Lair:3   | Identified the +4 ring mail of Peek-a-Boo {Fly Will+ Dex+2}
 23669 | Lair:3   | Gained mutation: You regenerate a lot of health from kills.
                  | [demonic ancestry]
 23669 | Lair:3   | Reached XP level 13. HP: 101/101 MP: 21/28
 23772 | Lair:3   | Noticed Amaemon
 23842 | Lair:3   | Killed Amaemon
 23845 | Lair:3   | Reached skill level 10 in Necromancy
 24025 | Lair:3   | Reached skill level 10 in Air Magic
 24147 | Lair:3   | Found a staircase to the Swamp.
 24577 | Lair:4   | Noticed Rupert
 24632 | Lair:4   | Annihilated by Rupert

Illustrated notes

Levels and vault maps discovered:
D:1:      reono_arrival_forest_river, layout_loops_corners, serial_park_tiny_2,
          nicolae_wormholes
D:2:      layout_basic, serial_co_window_serial, co_window_paths_a,
          co_window_paths_a, co_window_paths_b, co_window_of_opportunity_a,
          co_window_corner_a, co_window_paths_c, co_window_broadway_b,
          co_window_corner_ca, co_window_broadway_c, co_window_2corner,
          co_window_4corner_b, glass_columns_a, glass_columns_c,
          glass_columns_a, glass_columns_b, skrybe_limestone_x
D:3:      layout_loops_ring, grunt_temple_overflow_growth_and_decay,
          xom_redecorated, nicolae_qazlal_general_emergency
D:4:      layout_cave_pools, pdpol_wu_jian_five_deadly_venoms,
          nicolae_hepliaklqana_hazy_memory, mainiacjoe_overflow_brackets,
          lemuel_crystal_altar, nicolae_overflow_crystal_walls,
          gup_sewer_entry_bubbles
D:5:      layout_basic, nicolae_uskayaw_en_pointe
D:6:      layout_basic
D:7:      layout_gridville, minmay_temple_entry_glass, serial_shops,
          nicolae_take_the_stairs, minmay_misc_feat_secret_circle, minmay_holes,
          uniq_duvessa
D:8:      layout_loops_ring, zin_scriptorium, nicolae_overflow_hidden_temple,
          amcnicky_mini_corridor_feature
D:9:      layout_irregular_city, lair_entry_dummy, small_statue_intersection,
          minivault_25_ag, hangedman_decor_points, uniq_maggie,
          uniq_prince_ribbit1, uniq_grum
D:10:     layout_rooms, marbit_many_paths, erik_orc_1
D:11:     layout_long_grid, uniq_sonja, uniq_lodul
Temple:   hellmonk_temple_rainy
Lair:1:   layout_cave_shapes, ebering_ghost_inner_flame,
          chequers_serial_rivers_micro_c, nicolae_lair_lindhole
Lair:2:   layout_chaotic_city, spider_nest_entry_web_field, grunt_megastairs_3,
          lemuel_fruit_fields
Lair:3:   layout_loops_ring, palyth_hydra_swamp_entry, uniq_amaemon
Lair:4:   layout_regular_city, dreamdust_gnoll_shepherd, uniq_rupert, uniq_kirke

Skill      XL: |  1  2  3  4  5  6  7  8  9 10 11 12 13 |
---------------+----------------------------------------+-----
Fighting       | 1 2 3 4 5 6 7 9 |  9.6
Spellcasting   | 4 6 9 11 | 11.3
Invocations    | 6 7 8 |  8.4
Conjurations   | 3 4 |  4.0
Evocations     | 3 4 |  4.0
Air Magic      | 7 9 10 | 10.1
Summonings     | 3 4 |  4.3
Necromancy     | 9 10 | 10.4
Dodging        | |  1.7
Stealth        | |  1.7

Action                   |  1- 3 |  4- 6 |  7- 9 | 10-12 | 13-15 || total
-------------------------+-------+-------+-------+-------+-------++-------
Melee: Spear             |    44 |    79 |    27 |       |       ||   150
       Tailslap          |       |     8 |    48 |   123 |     3 ||   182
       Punch             |       |     2 |     5 |       |       ||     7
       Short sword       |       |       |   246 |    17 |       ||   263
       Dagger            |       |       |       |   490 |    32 ||   522
 Cast: Necrotise         |    74 |   201 |   162 |    62 |       ||   499
       Vampiric Draining |       |       |    30 |    92 |     9 ||   131
       Searing Ray       |       |       |    11 |     5 |       ||    16
       Airstrike         |       |       |       |    50 |     2 ||    52
       Summon Lightning  |       |       |       |    49 |     9 ||    58
       Borgnjor's Vile C |       |       |       |       |     3 ||     3
Evoke: Wand              |       |       |     7 |       |       ||     7
  Use: Scroll            |       |       |    17 |    12 |     2 ||    31
       Potion            |       |       |    10 |     1 |     1 ||    12
 Stab: Distracted        |     1 |     1 |       |     2 |     1 ||     5
       Sleeping          |     1 |     1 |       |       |       ||     2
       Paralysed         |       |       |    33 |    79 |     6 ||   118
Armor: Robe              |     9 |    50 |   185 |    29 |       ||   273
       Swamp dragon scal |       |       |       |   231 |    33 ||   264
Dodge: Dodged            |    24 |   133 |   197 |   281 |    21 ||   656
Block: Buckler           |       |       |     1 |   112 |    10 ||   123

Table legend: (Time is in decaauts)
 A = Elapsed time spent in this place.
 B = Non-inter-level travel time spent in this place.
 C = Inter-level travel time spent in this place.
 D = Time resting spent in this place.
 E = Time spent auto-exploring this place.
 F = Levels seen in this place.
 G = Mean time per level.
                   A        B        C        D        E       F      G
               +--------+--------+--------+--------+--------+-----+--------+
         Total |  27900 |  27138 |    762 |   4584 |  18549 |  17 | 1641.2 |
       Dungeon |  20248 |  19649 |    599 |   3380 |  13184 |  11 | 1840.7 |
        Temple |    265 |    250 |     15 |    234 |      2 |   1 |  265.0 |
          Lair |   6387 |   6240 |    147 |    933 |   4548 |   4 | 1596.8 |
         Sewer |    998 |    998 |      0 |     37 |    814 |   1 |  998.0 |
               +--------+--------+--------+--------+--------+-----+--------+

Top non-repeatable levels by time:
     D:9: 3045 daAuts
     D:7: 2766 daAuts
     D:2: 2347 daAuts
  Lair:2: 2340 daAuts
  Lair:3: 2238 daAuts
    D:10: 2134 daAuts
    D:11: 1750 daAuts
  Lair:1: 1652 daAuts
     D:1: 1601 daAuts
     D:8: 1566 daAuts
     D:4: 1428 daAuts
     D:5: 1414 daAuts
     D:6: 1229 daAuts
   Sewer: 998 daAuts
     D:3: 962 daAuts
